 Dungeon Crawl Stone Soup version 0.23.1 (webtiles) character file.

Game seed: 14345277111347030778

130 Yunesin the Chopper (level 5, 0/36 HPs)
             Began as an Octopode Berserker on Mar 14, 2019.
             Was a Believer of Trog.
             Shot with a stone by a goblin (8 damage)
             ... led by Robin
             ... on level 3 of the Dungeon.
             The game lasted 00:07:36 (2281 turns).

Yunesin the Chopper (Octopode Berserker)            Turns: 2281, Time: 00:07:40

Health: 0/36       AC:  1    Str: 16    XL:     5   Next: 13%
Magic:  5/5        EV: 14    Int: 10    God:    Trog [**....]
Gold:   85         SH:  0    Dex: 12    Spells: 4/4 levels left

rFire    . . .     SeeInvis +   a - +0 hand axe
rCold    . . .     Gourm    .   (no shield)
rNeg     . . .     Faith    .   (helmet restricted)
rPois    .         Spirit   .   (no amulet)
rElec    .         Reflect  .   g - ring of see invisible
rCorr    .         Harm     .   (no ring)
MR       .....                  (no ring)
Stlth    ++........             (no ring)
HPRegen  0.12/turn              (no ring)
MPRegen  0.09/turn              (no ring)
                                (no ring)
                                (no ring)

@: berserk cooldown, slowed, very slow
A: almost no armour, stealthy swim, amphibious, 8 rings, constrict 8, camouflage
1, gelatinous body 1
a: Berserk, Trog's Hand, Renounce Religion


You were on level 3 of the Dungeon.
You worshipped Trog.
Trog was pleased with you.
You were not hungry.

You visited 1 branch of the dungeon, and saw 3 of its levels.

You collected 85 gold pieces.

Inventory:

Hand Weapons
 a - a +0 hand axe (weapon)
Jewellery
 g - a ring of see invisible (left tentacle)
 h - a cursed ring of stealth {unknown}
Scrolls
 d - 2 scrolls of fear {unknown}
 e - a scroll of noise {unknown}
 f - 4 scrolls of remove curse {unknown}
 i - 2 scrolls of identify {unknown}
Potions
 c - a potion of invisibility {unknown}
 j - a potion of curing {unknown}


   Skills:
 + Level 3.5 Fighting
 * Level 4.7 Axes
 * Level 3.8 Dodging


You had 4 spell levels left.
You didn't know any spells.
Your spell library was empty.

Dungeon Overview and Level Annotations

Branches:
Dungeon (3/15)

Altars:
Ashenzari


Innate Abilities, Weirdness & Mutations

You cannot wear most types of armour.
You are very stealthy in the water. (Stealth+)
You are amphibious.
You can wear up to eight rings at the same time.
You can use your tentacles to constrict eight enemies at once.
Your skin changes colour to match your surroundings (Stealth+).
Your rubbery body absorbs attacks. (AC +1, EV +1)


Message History

You kill the orc!
Trog accepts your kill.
You hit the hobgoblin. Your grab misses the hobgoblin.
The hobgoblin is moderately wounded.
The hobgoblin misses you.
The goblin wields a +0 hunting sling.
The goblin shoots a stone.
The stone hits you.
You barely miss the goblin. Your grab misses the goblin.
You squeeze the goblin.
You kill the goblin!
Trog accepts your kill.
You hit the hobgoblin.
The hobgoblin hits you with a +0 club. x2
The goblin shoots a stone.
The stone hits you.
* * * LOW HITPOINT WARNING * * *
You hit the hobgoblin. You grab the hobgoblin.
The hobgoblin is almost dead.
You constrict the hobgoblin.
You kill the hobgoblin!
Trog accepts your kill.
The goblin shoots a stone.
The stone hits you!
You die...

#........##
#.........#
#(......#.#
#.........# .
#..<[...#.# ..
#.#.)[[.#.#.#.
# #.#)#)......
#...#()(..#...
#####†@)......
##)###....
....g..g# ...
........# .
.......$#
.......##
.......
.......
.......


You could see a goblin.

Vanquished Creatures
  An orc priest (D:3)
  Robin (D:3)
  3 worms (D:2)
  3 dart slugs
  A leopard gecko (D:1)
  5 orcs (D:3)
  4 giant cockroaches
  10 hobgoblins
  7 kobolds
  2 bats (D:1)
  7 frilled lizards
  16 goblins
  6 rats
66 creatures vanquished.

Notes
Turn   | Place    | Note
-------+----------+-------------------------------------------
     0 | D:1      | Yunesin the Octopode Berserker began the quest for the Orb.
     0 | D:1      | Reached XP level 1. HP: 16/16 MP: 1/1
    76 | D:1      | Reached XP level 2. HP: 15/21 MP: 2/2
   481 | D:1      | Reached XP level 3. HP: 26/26 MP: 3/3
  1062 | D:2      | Reached ** piety under Trog
  1213 | D:2      | Found a shattered altar of Ashenzari.
  1911 | D:2      | Reached skill level 4 in Axes
  2064 | D:2      | Reached XP level 4. HP: 31/31 MP: 4/4
  2141 | D:3      | Noticed Robin
  2264 | D:3      | Killed Robin
  2264 | D:3      | Reached XP level 5. HP: 36/36 MP: 5/5
  2281 | D:3      | Shot with a stone by a goblin

Skill      XL: |  1  2  3 |
---------------+----------+-----
Axes           | 4 |  4.7
Fighting       | |  3.5
Dodging        | |  3.8

Action                   |  1- 3 |  4- 6 || total
-------------------------+-------+-------++-------
Melee: Hand axe          |    85 |    24 ||   109
       Constrict         |    23 |     6 ||    29
       Tentacles         |    16 |     7 ||    23
Invok: Berserk           |     2 |     2 ||     4
 Stab: Sleeping          |     9 |       ||     9
  Eat: Chunk             |     5 |       ||     5
       Ration            |       |     1 ||     1
Armor: Skin              |     4 |       ||     4
Dodge: Dodged            |    42 |    12 ||    54
